 Dungeon Crawl Stone Soup version 0.29.1-1-gd02db6906a (webtiles) character file.

Game seed: 12319020904425421803

41 Ashen the Chiller (level 3, 17/25 HPs)
             Began as a Demonspawn Ice Elementalist on Oct 21, 2022.
             Got out of the dungeon alive.
             The game lasted 00:02:45 (1516 turns).

Ashen the Chiller (Demonspawn Ice Elementalist)     Turns: 1516, Time: 00:02:46

Health: 17/25      AC:  4    Str:  8    XL:     3   Next: 32%
Magic:  6/6        EV: 12    Int: 18    God:
Gold:   59         SH:  4    Dex: 13    Spells: 5/6 levels left

rFire   . . .      SeeInvis .   (no weapon)
rCold   . . .      Faith    .   (no shield)
rNeg    . . .      Spirit   .   a - +0 robe
rPois   .          Reflect  .   (no helmet)
rElec   .          Harm     .   (no cloak)
rCorr   .          Rampage  .   (no gloves)
Will    .....                   (no boots)
Stlth   ++........              (no amulet)
HPRegen 0.08/turn               (no ring)
MPRegen 0.10/turn               (no ring)

@: no status effects
A: yellow scales 1, condensation shield
a: no special abilities


You escaped.
You visited 1 branch of the dungeon, and saw 2 of its levels.

You collected 59 gold pieces.

Inventory:

Armour
 a - a +0 robe (worn)
Scrolls
 c - a scroll of teleportation {unknown}
 d - a scroll of summoning {unknown}
 e - a scroll of immolation {unknown}
 f - a scroll of vulnerability {unknown}
 h - 2 scrolls of identify {unknown}
Potions
 b - a potion of magic
 g - 2 potions of curing {unknown}
 i - a potion of attraction {unknown}
 j - a potion of mutation {unknown}


   Skills:
 + Level 0.8 Fighting
 + Level 2.2 Dodging
 + Level 2.3 Stealth
 + Level 2.3 Spellcasting
 + Level 3.8 Ice Magic


You had 5 spell levels left.
You knew the following spells:

 Your Spells              Type           Power      Damage    Failure   Level
a - Freeze                Ice            64%        1d8       3%          1

Your spell library contained the following spells:

 Spells                   Type           Power      Damage    Failure   Level
 Frozen Ramparts          Ice            32%        1d5       11%         3
 Ozocubu's Armour         Ice            16%        N/A       11%         3
 Hailstorm                Conj/Ice       9%         3d4       61%         4


Dungeon Overview and Level Annotations

Branches:
Dungeon (2/15)

Altars:


Innate Abilities, Weirdness & Mutations

You are partially covered in yellow scales. (AC +2)
A meltable shield of frost defends you. (SH +4)


Message History

Casting: Freeze (safe; 4% risk of failure)
Confirm with . or Enter, or press ? or * to list all spells.
Aiming: Freeze (safe; 4% risk of failure)
Press: ? - help, Shift-Dir - straight line, f/p - Terence
Aim: Terence, wielding a +0 trident and wearing a +0 scale mail (severely wounded)
You freeze Terence.
Terence is severely wounded.
Terence hits you with a +0 trident.
Casting: Freeze (safe; 4% risk of failure)
Confirm with . or Enter, or press ? or * to list all spells.
Aiming: Freeze (safe; 4% risk of failure)
Press: ? - help, Shift-Dir - straight line, f/p - Terence
Aim: Terence, wielding a +0 trident and wearing a +0 scale mail (severely wounded)
You freeze Terence.
Terence is almost dead.
Terence barely misses you. Magic courses through your body.
Terence closely misses you.
Casting: Freeze (safe; 4% risk of failure)
Confirm with . or Enter, or press ? or * to list all spells.
Aiming: Freeze (safe; 4% risk of failure)
Press: ? - help, Shift-Dir - straight line, f/p - Terence
Aim: Terence, wielding a +0 trident and wearing a +0 scale mail (almost dead)
You freeze Terence.
You kill Terence!
You have reached level 3!
Your experience leads to an increase in your attributes!
Increase (S)trength, (I)ntelligence, or (D)exterity?
You feel clever. x2; Your demonic ancestry asserts itself...
Frost condenses into a shield before you.
j - a viscous silvery potion
Things that are here:
a +0 trident; a +0 scale mail; the human corpse of Terence You see here a +0 dagger.
There is a stone staircase leading up here.
You climb upwards.
There is a stone staircase leading down here.
There is an open door here.
There is a staircase leading out of the dungeon here.
Are you sure you want to leave the Dungeon?
This will make you lose the game!
You have escaped!

###.#..........#........# #.#####
.................######.# #......
###....#######.### #.# #######
###.#.#### #.########.#########
#.###...###.##...............#
#..#.##.##.............#####.#
#.#.###.##.#####.#####.#......
#.#.# #....#...#.#...#.#.###.#
####.#.###..#.#.@.#.'...#...# #.#
#.......##....#...#.#...#.#.###.#
#.#####.#####.##'##.#####........
#.# #.# #...............###.. ..#
#.# #.#####.##'##..## #[. #.# #.#
##.#...#.#...#..####.. #.#####.#
#..#...'.#.>.#.#..#### #..)....#
#..#...#.#...#..#.#### ####.####
#..#####.#####..#....>


There were no monsters in sight!

Vanquished Creatures
  Terence (D:2)
  2 endoplasms (D:1)
  3 goblins
  2 quokkas (D:1)
  A ball python (D:1)
  2 bats (D:1)
  A frilled lizard (D:1)
  A kobold (D:1)
  3 rats (D:1)
  A spectral goblin (D:1)
17 creatures vanquished.

Notes
Turn   | Place    | Note
-------+----------+-------------------------------------------
     0 | D:1      | Ashen the Demonspawn Ice Elementalist began the quest for
                  | the Orb.
     0 | D:1      | Reached XP level 1. HP: 13/13 MP: 3/3
   675 | D:1      | Gained mutation: You are partially covered in yellow
                  | scales. (AC +2) [demonic ancestry]
   675 | D:1      | Reached XP level 2. HP: 14/19 MP: 1/5
  1108 | D:1      | Found a faded altar of an unknown god.
  1446 | D:2      | Noticed Terence
  1455 | D:2      | Killed Terence
  1456 | D:2      | Gained mutation: A meltable shield of frost defends you.
                  | (SH +4) [demonic ancestry]
  1456 | D:2      | Reached XP level 3. HP: 12/25 MP: 4/6
  1516 | D:$      | Got out of the dungeon alive.

Illustrated notes

Levels and vault maps discovered:
D:1:      minmay_arrival_four_houses, layout_loops_ring,
          dreamdust_ecumenical_altar_drowned_temple
D:2:      layout_basic, serial_shops, shop, uniq_terence

Skill      XL: |  1 |
---------------+----+-----
Stealth        | 2 |  2.3
Dodging        | 2 |  2.2
Fighting       | |  0.8
Spellcasting   | |  2.3
Ice Magic      | |  3.8

Action                   || total
-------------------------++-------
Melee: Unarmed           ||    26
 Cast: Freeze            ||    29
  Use: Potion            ||     1
 Stab: Sleeping          ||     3
Armor: Robe              ||    17
Dodge: Dodged            ||    47
